[Event "Titled Tuesday Blitz August 22 Late 2023"]
[White "KrokerGuy"]
[Black "Fernandez Hernandez, Gerardo"]
[BlackFideId "2207400"]
[WhiteElo "2463"]
[BlackElo "2259"]
[Result "0-1"]
[Round "3"]
[TimeControl "180+1"]
[Date "2023.08.22"]
[WhiteClock "0:00:01"]
[BlackClock "0:00:04"]
[Board "186"]

1. e4 e6 2. d4 d5 3. Nc3 Nc6 4. Nf3 Nf6 5. exd5 exd5 6. Bg5 Bb4 7. Bb5 O-O 8. O-O Bxc3 9. bxc3 h6 10. Bh4 g5 11. Bg3 Ne4 12. c4 Nxg3 13. hxg3 Bg4 14. Bxc6 bxc6 15. Qd3 Bxf3 16. Qxf3 dxc4 17. Qxc6 Qxd4 18. Rad1 Qb6 19. Qxc4 Rad8 20. Rfe1 Rd6 21. Rxd6 Qxd6 22. Re3 Qd1+ 23. Kh2 Qh5+ 24. Kg1 Qd1+ 25. Qf1 Qxc2 26. Ra3 Rd8 27. Qa6 Qc1+ 28. Kh2 Rd1 29. Kh3 h5 30. Qc8+ Kg7 31. g4 h4 32. g3 Rh1+ 33. Kg2 Qf1+ 34. Kf3 Qd1+ 35. Ke4 Qe2+ 36. Re3 Qc4+ 37. Kf5 Qd5+ 38. Re5 Qf3+ 39. Kxg5 f6+ 40. Kh5 hxg3# 0-1


[Site "https://www.chess.com"]

[Event "Titled Tuesday Blitz August 22 Late 2023"]
[White "Zenin, Dmitry"]
[Black "Bach, Matthias"]
[WhiteFideId "4127897"]
[BlackFideId "4603168"]
[WhiteElo "2435"]
[BlackElo "2251"]
[Result "1-0"]
[Round "3"]
[TimeControl "180+1"]
[Date "2023.08.22"]
[WhiteClock "0:01:13"]
[BlackClock "0:00:16"]
[Board "187"]

1. d4 Nf6 2. c4 c5 3. d5 e6 4. Nc3 exd5 5. cxd5 d6 6. e4 g6 7. Bd3 Bg7 8. h3 O-O 9. Nf3 b5 10. Nxb5 Re8 11. Nd2 Nxd5 12. Nc4 Ba6 13. a4 Bxb5 14. axb5 Nb6 15. O-O Nxc4 16. Bxc4 Nd7 17. Qxd6 Nb6 18. Qxd8 Rexd8 19. Be2 Rd4 20. Be3 Rb4 21. Bxc5 Rxb2 22. Bxb6 Rxe2 23. Rxa7 Rb8 24. Be3 Bf8 25. Rb1 Bd6 26. b6 1-0


[Site "https://www.chess.com"]

[Event "Titled Tuesday Blitz August 22 Late 2023"]
[White "Haszon, David"]
[Black "Fernandez Bustamante, Leancy B."]
[WhiteFideId "733610"]
[BlackFideId "3523870"]
[WhiteElo "2434"]
[BlackElo "2251"]
[Result "1-0"]
[Round "3"]
[TimeControl "180+1"]
[Date "2023.08.22"]
[WhiteClock "0:00:10"]
[BlackClock "0:00:05"]
[Board "188"]

1. e4 c5 2. Nf3 a6 3. d4 cxd4 4. c3 dxc3 5. Nxc3 e6 6. Bc4 Ne7 7. O-O Nbc6 8. Qe2 Ng6 9. Rd1 Nce5 10. Nxe5 Nxe5 11. Bb3 Bc5 12. Bf4 Ng6 13. Bg3 O-O 14. Rac1 Be7 15. e5 b5 16. Ne4 Qb6 17. Nd6 Bb7 18. a4 bxa4 19. Bxa4 Rfd8 20. Qg4 Bxd6 21. exd6 Qxb2 22. h4 h5 23. Qxh5 Qb4 24. Bc2 Rac8 25. Bxg6 fxg6 26. Qxg6 Rxc1 27. Rxc1 Rf8 28. Rc7 Bc6 29. Kh2 Qb5 30. h5 Qf5 31. Ra7 Qd5 32. f3 Rf5 33. Qe8+ Kh7 34. Qg6+ Kg8 35. Qe8+ Rf8 36. Qg6 a5 37. Rc7 Qf5 38. Ra7 Qxg6 39. hxg6 a4 40. Ra6 Rf6 41. Be5 Rxg6 42. Rxc6 dxc6 43. d7 Rh6+ 44. Kg1 1-0


[Site "https://www.chess.com"]

[Event "Titled Tuesday Blitz August 22 Late 2023"]
[White "Magallanes, Rey Jomar"]
[Black "Semenenko, Dmytry"]
[WhiteFideId "5205948"]
[BlackFideId "14118645"]
[WhiteElo "2248"]
[BlackElo "2430"]
[Result "0-1"]
[Round "3"]
[TimeControl "180+1"]
[Date "2023.08.22"]
[WhiteClock "0:01:29"]
[BlackClock "0:01:52"]
[Board "189"]

1. e4 Nf6 2. e5 Nd5 3. d4 d6 4. c4 Nb6 5. exd6 cxd6 6. Nc3 g6 7. Nf3 Bg7 8. Be3 O-O 9. Be2 Nc6 10. O-O d5 11. c5 Nc4 12. Bxc4 dxc4 13. d5 Nb4 14. d6 exd6 15. cxd6 Nd3 16. Nd2 Nxb2 17. Qc2 Nd3 18. Nxc4 Bf5 19. Qb3 b5 20. Na3 b4 21. Nab5 bxc3 22. Nxc3 Qxd6 23. Rad1 Qc6 24. Ne2 Rab8 25. Qa3 Nb4 26. Nd4 Qa6 27. Qb3 Qxa2 28. Qc3 Rfc8 29. Qe1 Nd3 30. Rxd3 Bxd3 31. Bd2 Bxf1 32. Qe2 Bxe2 33. h3 Qxd2 34. Nb3 Rxb3 35. f4 Bd4+ 36. Kh2 Qxf4+ 37. g3 Qf2+ 38. Kh1 Bf3# 0-1


[Site "https://www.chess.com"]

[Event "Titled Tuesday Blitz August 22 Late 2023"]
[White "Kohler, Aran"]
[Black "Nunez V, Gustavo Eduardo"]
[WhiteFideId "1002856"]
[BlackFideId "4403690"]
[WhiteElo "2248"]
[BlackElo "2430"]
[Result "0-1"]
[Round "3"]
[TimeControl "180+1"]
[Date "2023.08.22"]
[WhiteClock "0:00:06"]
[BlackClock "0:00:11"]
[Board "190"]

1. d4 Nf6 2. Nf3 g6 3. Bg5 Bg7 4. Nbd2 h6 5. Bxf6 Bxf6 6. c3 d6 7. e4 O-O 8. Bd3 e5 9. h3 Nc6 10. d5 Ne7 11. c4 Bg7 12. b4 a5 13. a3 f5 14. O-O f4 15. c5 g5 16. Nh2 Ng6 17. Rc1 axb4 18. axb4 f3 19. Ndxf3 Nf4 20. Bc4 Ra3 21. Ra1 Rc3 22. Rc1 Ra3 23. Ra1 Rc3 24. Rc1 Rxc1 25. Qxc1 h5 26. Nd2 Qf6 27. f3 Bh6 28. Qe1 Qe7 29. Qg3 Kh7 30. Kh1 dxc5 31. b5 b6 32. Ra1 h4 33. Qe1 Nh5 34. Ng4 Ng3+ 35. Kh2 Bxg4 36. hxg4 Bg7 37. Nf1 Nxf1+ 38. Qxf1 Kg6 39. Ra7 Rh8 40. Qa1 Qf7 41. Qf1 Qf4+ 42. Kg1 Qe3+ 43. Kh2 Qf4+ 44. Kg1 h3 45. gxh3 Qg3+ 46. Qg2 Rxh3 47. Qxg3 Rxg3+ 48. Kf2 Rh3 49. Rxc7 Rh2+ 50. Kg3 Rc2 51. Rc6+ Bf6 52. Bf1 Rc1 53. Be2 Rc2 54. Kf2 Kf7 55. Rxb6 Be7 56. d6 Bd8 57. Rc6 Ke6 58. b6 Kd7 59. b7 Rb2 60. Rxc5 Bb6 61. Kg3 Bxc5 62. Ba6 Bxd6 63. Bc4 Bb8 64. Bd5 Kd6 65. Kh3 Kc5 66. Kg3 Kd4 67. Kh3 Ke3 68. Kg3 Ba7 69. Bc6 Ke2 70. Bd5 Kf1 71. Bc6 Kg1 72. Bd5 Rg2+ 73. Kh3 Rh2+ 74. Kg3 Bf2# 0-1


[Site "https://www.chess.com"]

[Event "Titled Tuesday Blitz August 22 Late 2023"]
[White "Matthew_Clarke"]
[Black "Avila Rodriguez, Joshua Ad"]
[BlackFideId "5126444"]
[WhiteElo "2244"]
[BlackElo "2420"]
[Result "0-1"]
[Round "3"]
[TimeControl "180+1"]
[Date "2023.08.22"]
[WhiteClock "0:00:00"]
[BlackClock "0:00:27"]
[Board "191"]

1. c4 Nf6 2. Nc3 e5 3. Nf3 Nc6 4. g3 d5 5. cxd5 Nxd5 6. Bg2 Nb6 7. O-O Be7 8. a3 O-O 9. b4 Be6 10. Rb1 f6 11. d3 a5 12. b5 Nd4 13. Nd2 Rb8 14. e3 Nf5 15. Qe2 Qd7 16. Rd1 Rfd8 17. Nde4 Nh6 18. d4 Bc4 19. Qc2 exd4 20. Rxd4 Qe6 21. Ne2 Nf5 22. Rxd8+ Rxd8 23. Nf4 Qd7 24. Bd2 g5 25. Nh5 Kf7 26. Bxa5 Bd3 27. Qb3+ Kg6 0-1


[Site "https://www.chess.com"]

[Event "Titled Tuesday Blitz August 22 Late 2023"]
[White "Palacio,Igor Da Paz"]
[Black "Bueno, Alfeu Junior Varela"]
[WhiteFideId "2121140"]
[BlackFideId "2108879"]
[WhiteElo "2231"]
[BlackElo "2413"]
[Result "0-1"]
[Round "3"]
[TimeControl "180+1"]
[Date "2023.08.22"]
[WhiteClock "0:00:00"]
[BlackClock "0:00:01"]
[Board "192"]

1. e4 e6 2. d4 d5 3. Nd2 Nf6 4. Bd3 c5 5. c3 cxd4 6. cxd4 dxe4 7. Nxe4 Nc6 8. Nf3 Be7 9. h4 O-O 10. Nxf6+ Bxf6 11. Bxh7+ Kh8 12. Bc2 Qa5+ 13. Bd2 Qh5 14. Bc3 Rd8 15. Ng5 Qxd1+ 16. Rxd1 Kg8 17. Nf3 b6 18. O-O Ba6 19. Rfe1 Rac8 20. Be4 Ne7 21. Ne5 Nd5 22. Bd2 Rc7 23. g3 Rdc8 24. Rc1 Kf8 25. Rxc7 Rxc7 26. Rc1 Rxc1+ 27. Bxc1 Ke8 28. a3 Nc7 29. f3 Nb5 30. Bc6+ Ke7 31. Be3 Nd6 32. Bg5 Nf5 33. d5 Nxg3 34. Bxf6+ Kxf6 35. dxe6 Kxe6 0-1


[Site "https://www.chess.com"]

[Event "Titled Tuesday Blitz August 22 Late 2023"]
[White "BeautiFullMindChess"]
[Black "Ronka, Erik"]
[BlackFideId "505080"]
[WhiteElo "2228"]
[BlackElo "2412"]
[Result "0-1"]
[Round "3"]
[TimeControl "180+1"]
[Date "2023.08.22"]
[WhiteClock "0:00:57"]
[BlackClock "0:01:08"]
[Board "193"]

1. e4 e5 2. Nf3 Nc6 3. Bb5 a6 4. Ba4 Nf6 5. O-O Be7 6. Qe2 b5 7. Bb3 O-O 8. c3 d5 9. exd5 Nxd5 10. Nxe5 Nxe5 11. Qxe5 Bb7 12. d4 Re8 13. Re1 Qd7 14. Be3 Bd6 15. Qh5 Nf4 16. Qd1 Nxg2 17. Nd2 Qh3 18. Nf1 Nh4 0-1


[Site "https://www.chess.com"]

[Event "Titled Tuesday Blitz August 22 Late 2023"]
[White "Sailer, Mike"]
[Black "SergioMoralesG"]
[WhiteFideId "2012901"]
[WhiteElo "2219"]
[BlackElo "2411"]
[Result "0-1"]
[Round "3"]
[TimeControl "180+1"]
[Date "2023.08.22"]
[WhiteClock "0:00:18"]
[BlackClock "0:00:15"]
[Board "194"]

1. e4 c5 2. b3 Nc6 3. Bb2 d6 4. f4 Nf6 5. Nf3 Nxe4 6. Bb5 e6 7. Qe2 Nf6 8. Nc3 Be7 9. O-O-O O-O 10. h3 Nd4 11. Nxd4 cxd4 12. Ne4 Nxe4 13. Qxe4 Qa5 14. Bd3 f5 15. Qxd4 Bf6 16. Qa4 Qxa4 17. bxa4 Bxb2+ 18. Kxb2 Bd7 19. Bb5 Bc6 20. Bxc6 bxc6 21. Rhe1 Kf7 22. Kc3 Rab8 23. Rb1 Kf6 24. Rb3 Rg8 25. Reb1 Rxb3+ 26. Rxb3 g5 27. fxg5+ Rxg5 28. Rb7 h5 29. Rxa7 Rxg2 30. a5 Rg3+ 31. d3 Rxh3 32. Ra8 Rg3 33. a6 Rg7 34. a7 Ke5 35. Rh8 Rxa7 36. Kb3 Kd4 37. Rxh5 Rb7+ 38. Ka3 f4 39. Rh6 f3 40. Rxe6 f2 41. Rf6 Ke3 42. c4 Ke2 43. d4 f1=Q 44. Rxf1 Kxf1 45. d5 cxd5 46. cxd5 Ke2 47. Ka4 Kd3 48. Ka5 Kc4 49. Ka6 Rb2 50. a4 Kxd5 51. a5 Kc6 52. Ka7 Ra2 53. a6 Kc7 54. Ka8 Rxa6# 0-1


[Site "https://www.chess.com"]

[Event "Titled Tuesday Blitz August 22 Late 2023"]
[White "Mesa Cruz, Juan Carlos"]
[Black "Matute Escobar, Roxanny"]
[WhiteFideId "6423400"]
[BlackFideId "3926028"]
[WhiteElo "2411"]
[BlackElo "2212"]
[Result "1-0"]
[Round "3"]
[TimeControl "180+1"]
[Date "2023.08.22"]
[WhiteClock "0:00:40"]
[BlackClock "0:00:17"]
[Board "195"]

1. Nf3 Nf6 2. g3 g6 3. Bg2 Bg7 4. O-O O-O 5. c4 d5 6. cxd5 Nxd5 7. d4 c6 8. Nc3 Bf5 9. Qb3 Nxc3 10. bxc3 Qc8 11. Ba3 Bf6 12. Nd2 Be6 13. Qc2 Na6 14. e4 Re8 15. f4 Bg7 16. Rab1 Bh3 17. Bxh3 Qxh3 18. Rxb7 Rab8 19. Rfb1 Rxb7 20. Rxb7 e6 21. Rxa7 Nb8 22. Nf3 Qg4 23. Kg2 e5 24. Qb3 exd4 25. Qxf7+ Kh8 26. Qxg7# 1-0


[Site "https://www.chess.com"]

[Event "Titled Tuesday Blitz August 22 Late 2023"]
[White "KSho99"]
[Black "Harriott, Tyrell"]
[BlackFideId "2086484"]
[WhiteElo "2210"]
[BlackElo "2405"]
[Result "1-0"]
[Round "3"]
[TimeControl "180+1"]
[Date "2023.08.22"]
[WhiteClock "0:00:03"]
[BlackClock "0:00:05"]
[Board "196"]

1. Nf3 d5 2. g3 e6 3. Bg2 Bd6 4. O-O c6 5. b3 f5 6. Bb2 Nf6 7. c4 O-O 8. d3 Nbd7 9. Nbd2 f4 10. Qc2 Qe8 11. e4 fxe3 12. fxe3 Ng4 13. Rae1 Qh5 14. h3 Nh6 15. g4 Nxg4 16. hxg4 Qxg4 17. e4 Qg3 18. e5 Bc5+ 19. d4 Bb4 20. Bc3 Be7 21. Qd3 c5 22. cxd5 cxd4 23. Bxd4 Nc5 24. Qe3 b6 25. d6 Bd8 26. Bxc5 bxc5 27. Ne4 Qg6 28. Nxc5 Bb6 29. b4 Bb7 30. Kh1 Bd5 31. Rg1 Rf5 32. Nh2 Bxg2+ 33. Rxg2 Qh5 34. Reg1 g6 35. Qe4 Raf8 36. Qg4 Qh6 37. a4 Rh5 38. a5 Bd8 39. Qxe6+ Kh8 40. Qa2 Bg5 41. e6 Bf4 42. e7 Bxd6 43. exf8=Q+ Bxf8 44. Qf2 Bg7 45. Ne6 Rf5 46. Qc5 Qh5 47. Qc8+ Bf8 48. Nxf8 Kg8 49. Qc4+ Kg7 50. Ne6+ Kf6 51. Nf4 Qh4 52. Nd5+ Kg7 53. Qxh4 h5 54. Qe7+ Rf7 55. Rxg6+ 1-0


[Site "https://www.chess.com"]

[Event "Titled Tuesday Blitz August 22 Late 2023"]
[White "Romero Ruscalleda, Josep"]
[Black "Kiseljova, Marya"]
[WhiteFideId "2231859"]
[BlackFideId "4155009"]
[WhiteElo "2402"]
[BlackElo "2205"]
[Result "1-0"]
[Round "3"]
[TimeControl "180+1"]
[Date "2023.08.22"]
[WhiteClock "0:00:36"]
[BlackClock "0:00:00"]
[Board "197"]

1. e4 c5 2. c3 Nf6 3. e5 Nd5 4. Nf3 Nc6 5. Bc4 Nb6 6. Bb3 c4 7. Bc2 d6 8. exd6 e6 9. O-O Bxd6 10. b3 O-O 11. Na3 cxb3 12. axb3 Nd5 13. Nc4 Bc7 14. Ne3 Nf4 15. d4 e5 16. d5 Ne7 17. c4 b5 18. Bb2 Neg6 19. Bxg6 hxg6 20. Bxe5 Bxe5 21. Nxe5 Qg5 22. Nf3 Qf6 23. Kh1 g5 24. Qd4 Qh6 25. d6 Bd7 26. Ne5 Rad8 27. c5 f6 28. Nxd7 Rxd7 29. c6 Rdf7 30. d7 Ne6 31. Qd5 Nc7 32. d8=Q Nxd5 33. Qxd5 g6 34. Rxa7 Kg7 35. Rxf7+ Rxf7 36. Qxb5 Kg8 37. Qd5 Kf8 38. c7 Rxc7 39. Qd8+ 1-0


[Site "https://www.chess.com"]

[Event "Titled Tuesday Blitz August 22 Late 2023"]
[White "Vanek, Tomas"]
[Black "Mazibuko, Khanya"]
[WhiteFideId "313459"]
[BlackFideId "14321041"]
[WhiteElo "2202"]
[BlackElo "2401"]
[Result "0-1"]
[Round "3"]
[TimeControl "180+1"]
[Date "2023.08.22"]
[WhiteClock "0:00:11"]
[BlackClock "0:00:09"]
[Board "198"]

1. d4 Nf6 2. Bf4 d5 3. e3 c5 4. c3 Nc6 5. Nf3 Qb6 6. b3 Bg4 7. Bd3 e6 8. h3 Bh5 9. O-O Rc8 10. g4 Bg6 11. Ne5 c4 12. Nxg6 hxg6 13. Bc2 cxb3 14. axb3 Rxh3 15. Kg2 Rh4 16. Kg3 Rxg4+ 17. Kh3 g5 18. Bg3 Bd6 19. Bxd6 Rh4+ 20. Kg2 Nxd4 21. Bg3 Nxc2 22. Qxc2 Rh8 23. Qa2 a6 24. Qa4+ Ke7 25. Qa3+ Kd7 26. c4 Ne4 27. cxd5 exd5 28. Qa4+ Ke6 29. Qd4 Qxd4 30. exd4 Rc2 31. Na3 Rd2 32. Rfd1 Rc8 33. Rxd2 Nxd2 34. b4 g4 35. b5 Nf3 36. bxa6 bxa6 37. Nb1 Rc1 38. Rxa6+ Kf5 39. Bh2 Rxb1 40. Ra7 Ke6 41. Ra6+ Kf5 42. Ra7 Kg6 43. Ra5 f6 44. Rxd5 Nxh2 45. Kxh2 Rb3 46. Kg2 Rd3 47. Rd7 Kh6 48. d5 g5 49. d6 Kg6 50. Kh2 Kf5 51. Rd8 Ke6 52. Re8+ Kd7 53. Re3 Rxe3 54. fxe3 f5 55. e4 fxe4 56. Kg3 Kxd6 57. Kxg4 Ke5 58. Kg3 Kd4 59. Kf2 Kd3 60. Ke1 Ke3 61. Kf1 Kd2 62. Kf2 e3+ 63. Kg3 e2 64. Kg4 e1=Q 65. Kf5 Qh4 0-1


[Site "https://www.chess.com"]

[Event "Titled Tuesday Blitz August 22 Late 2023"]
[White "Fernandez Siles, Luis"]
[Black "Yang, Kevin"]
[WhiteFideId "2209420"]
[BlackFideId "30908485"]
[WhiteElo "2198"]
[BlackElo "2401"]
[Result "0-1"]
[Round "3"]
[TimeControl "180+1"]
[Date "2023.08.22"]
[WhiteClock "0:00:00"]
[BlackClock "0:00:19"]
[Board "199"]

1. e4 a6 2. d4 c6 3. Nf3 d5 4. Nc3 Bg4 5. h3 Bh5 6. Be2 e6 7. Bg5 Qb6 8. Qd2 Nd7 9. O-O-O Bb4 10. exd5 cxd5 11. a3 Bd6 12. Rhe1 Ngf6 13. Bxf6 Nxf6 14. Ne5 Bg6 15. Nxg6 hxg6 16. Bf3 O-O 17. h4 Rfc8 18. g4 Qc7 19. Ne2 b5 20. Kb1 a5 21. h5 gxh5 22. gxh5 b4 23. a4 b3 24. cxb3 Qb6 25. Qd3 Rab8 26. Ka2 Rc4 27. Rd2 Rb4 28. Nc1 Bf4 29. Rc2 Rxd4 30. Qc3 Rb4 0-1


[Site "https://www.chess.com"]

[Event "Titled Tuesday Blitz August 22 Late 2023"]
[White "Sari, Yasin"]
[Black "Florianovitz, Derlei Alex"]
[WhiteFideId "6320902"]
[BlackFideId "2114178"]
[WhiteElo "2401"]
[BlackElo "2195"]
[Result "1/2-1/2"]
[Round "3"]
[TimeControl "180+1"]
[Date "2023.08.22"]
[WhiteClock "0:00:02"]
[BlackClock "0:00:09"]
[Board "200"]

1. Nf3 c5 2. e4 Nc6 3. Bb5 a6 4. Bxc6 bxc6 5. O-O d6 6. c3 e5 7. d4 cxd4 8. cxd4 Bg4 9. dxe5 Bxf3 10. Qxf3 dxe5 11. Rd1 Qc7 12. b3 Bc5 13. Bb2 Nf6 14. Nd2 O-O 15. Rac1 Bd4 16. Bxd4 exd4 17. Nc4 Rad8 18. e5 Nd7 19. Qg3 c5 20. Nd6 Nxe5 21. Qxe5 Qxd6 22. Qxc5 h6 23. g3 d3 24. Qxd6 Rxd6 25. Rd2 Re8 26. Rcd1 Re2 27. Kg2 g5 28. Kf1 Rde6 29. a4 Rxd2 30. Rxd2 Rd6 31. f3 f5 32. f4 gxf4 33. gxf4 Rd4 34. Kg2 Rxf4 35. Rxd3 Rb4 36. Kf3 Kg7 37. Ke2 Kg6 38. Kd2 Kg5 39. Kc3 Re4 40. b4 f4 41. b5 axb5 42. axb5 Kg4 43. Rd8 Kf3 44. b6 Re3+ 45. Kb4 Re1 46. Kc5 Kg2 47. b7 Rb1 48. b8=Q Rxb8 49. Rxb8 f3 50. Kd4 f2 51. Rg8+ Kxh2 52. Rf8 Kg1 53. Rg8+ Kh2 54. Rf8 Kg2 55. Rg8+ Kh2 1/2-1/2


[Site "https://www.chess.com"]

[Event "Titled Tuesday Blitz August 22 Late 2023"]
[White "Penagalapati, Abhinav"]
[Black "Haitin, Ilja"]
[WhiteFideId "30938210"]
[BlackFideId "4501764"]
[WhiteElo "2192"]
[BlackElo "2395"]
[Result "1-0"]
[Round "3"]
[TimeControl "180+1"]
[Date "2023.08.22"]
[WhiteClock "0:00:44"]
[BlackClock "0:00:00"]
[Board "201"]

1. Nf3 Nf6 2. g3 b6 3. Bg2 Bb7 4. O-O e6 5. b3 Be7 6. Bb2 O-O 7. d3 c5 8. c4 Nc6 9. Nbd2 d5 10. Rc1 d4 11. Re1 e5 12. Nf1 Bd6 13. N3d2 Qc7 14. e3 Rae8 15. Qc2 Nb4 16. Qb1 Bxg2 17. Kxg2 h5 18. a3 Nc6 19. Nf3 Qb7 20. N1d2 a5 21. Qc2 h4 22. Qd1 g5 23. Nxg5 Nb4+ 24. Nde4 Na2 25. Ra1 Nc3 26. Qf3 Nfxe4 27. dxe4 f6 28. Nh3 Qg7 29. Bxc3 dxc3 30. Kh1 f5 31. Rg1 fxe4 32. Qxe4 Qh7 33. Qd5+ Kh8 34. Ng5 Qg6 35. Ne4 Be7 36. Nxc3 h3 37. Qe4 Qxe4+ 38. Nxe4 Rd8 39. Rad1 Kg7 40. Rge1 Kg6 41. Kg1 Kf5 42. Nc3 e4 43. Nd5 1-0


[Site "https://www.chess.com"]

[Event "Titled Tuesday Blitz August 22 Late 2023"]
[White "campochess"]
[Black "Melikhov, Evgeny V."]
[BlackFideId "4122046"]
[WhiteElo "2191"]
[BlackElo "2390"]
[Result "0-1"]
[Round "3"]
[TimeControl "180+1"]
[Date "2023.08.22"]
[WhiteClock "0:01:20"]
[BlackClock "0:00:47"]
[Board "202"]

1. d4 Nf6 2. Bg5 e6 3. e4 h6 4. Bxf6 Qxf6 5. Nf3 d5 6. Nbd2 c5 7. c3 Nc6 8. Bb5 cxd4 9. Nxd4 Bd7 10. a4 Nxd4 11. Bxd7+ Kxd7 12. cxd4 Qxd4 13. O-O Bd6 14. exd5 exd5 15. Nf3 Qxd1 16. Rfxd1 Rac8 17. Rxd5 Rc5 18. Rad1 Rxd5 19. Rxd5 Rc8 20. g3 Rc5 21. Rd3 Kc7 22. b3 g5 23. Kg2 g4 24. Nd2 Rc2 25. Ne4 Be5 26. b4 a5 27. bxa5 Rc4 28. Nd2 Rxa4 29. Rd5 f6 30. Nf1 Kc6 31. Rd8 Rxa5 32. Ne3 h5 33. Rh8 Bd4 34. Nc4 Ra2 35. Rxh5 Rxf2+ 36. Kh1 Rf1+ 37. Kg2 Rg1# 0-1


[Site "https://www.chess.com"]

[Event "Titled Tuesday Blitz August 22 Late 2023"]
[White "Erece, Ece Alkim"]
[Black "Albertini, Luca"]
[WhiteFideId "6346006"]
[BlackFideId "847038"]
[WhiteElo "2173"]
[BlackElo "2390"]
[Result "0-1"]
[Round "3"]
[TimeControl "180+1"]
[Date "2023.08.22"]
[WhiteClock "0:00:03"]
[BlackClock "0:00:38"]
[Board "203"]

1. Nf3 Nf6 2. g3 g6 3. Bg2 Bg7 4. O-O O-O 5. d3 d5 6. Nbd2 c6 7. e4 Bg4 8. h3 Bxf3 9. Bxf3 e6 10. Bg2 Nbd7 11. c3 Qb6 12. Kh2 Qa6 13. Qc2 Rfd8 14. d4 dxe4 15. Nxe4 Nxe4 16. Qxe4 e5 17. Bg5 Re8 18. d5 c5 19. d6 Rab8 20. Rfd1 f6 21. Qd5+ Kh8 22. Be3 b6 23. Qf7 Rbd8 24. Rd2 e4 25. Qd5 f5 26. Bg5 Bf6 27. Bxf6+ Nxf6 28. Qf7 Rf8 29. Qe7 Qc8 30. d7 Rxd7 31. Rxd7 Nxd7 32. Rd1 Nf6 33. Rd6 Qe8 34. Qxa7 Qe5 35. Rxb6 f4 36. Rc6 e3 37. Qxc5 fxg3+ 38. fxg3 Qxc5 39. Rxc5 Re8 40. Bf3 e2 41. Bxe2 Rxe2+ 42. Kg1 Rxb2 43. a4 Ne4 44. Rc8+ Kg7 45. g4 Ra2 46. Rc4 Nd2 47. Rb4 Rc2 48. a5 Rxc3 49. Ra4 Rc7 50. a6 Ra7 51. Kf2 Nb3 52. Rb4 Nc5 53. Rb5 Nxa6 54. Ra5 Rf7+ 55. Kg3 Nc7 56. Rc5 Ne6 57. Rc6 Ng5 58. Ra6 Ne4+ 59. Kg2 g5 60. Kg1 Nf6 61. Ra7 Rxa7 0-1


[Site "https://www.chess.com"]

[Event "Titled Tuesday Blitz August 22 Late 2023"]
[White "Quirke, Jeffrey"]
[Black "Ozalp, Burak"]
[WhiteFideId "2013029"]
[BlackFideId "6314210"]
[WhiteElo "2169"]
[BlackElo "2384"]
[Result "0-1"]
[Round "3"]
[TimeControl "180+1"]
[Date "2023.08.22"]
[WhiteClock "0:00:00"]
[BlackClock "0:00:26"]
[Board "204"]

1. e4 e6 2. b3 c5 3. Bb2 b6 4. f4 Bb7 5. d3 d6 6. Nf3 Nd7 7. Be2 Ne7 8. O-O Nc6 9. Nbd2 Qc7 10. Qe1 Be7 11. Qg3 Bf6 12. Bxf6 gxf6 13. Qh4 O-O-O 14. c3 Ba6 15. b4 Kb8 16. Rab1 Ne7 17. Rfc1 Ng6 18. Qg3 Rdg8 19. f5 Nge5 20. Nxe5 Rxg3 21. Nxd7+ Qxd7 22. hxg3 exf5 23. c4 Rg8 24. exf5 Rxg3 25. Ne4 Re3 26. Kf2 Rxe2+ 27. Kxe2 Qxf5 28. Rf1 Qg4+ 29. Ke3 Bb7 30. Rxf6 Bxe4 31. dxe4 Qg5+ 32. Rf4 Qg3+ 33. Rf3 Qxg2 34. Rbf1 cxb4 35. Rxf7 Qxa2 36. Rxh7 Qb3+ 37. Kd4 Qb2+ 0-1


[Site "https://www.chess.com"]

[Event "Titled Tuesday Blitz August 22 Late 2023"]
[White "Delorme, Axel"]
[Black "Petersson, Kjell"]
[WhiteFideId "632023"]
[BlackFideId "1705148"]
[WhiteElo "2374"]
[BlackElo "2159"]
[Result "1-0"]
[Round "3"]
[TimeControl "180+1"]
[Date "2023.08.22"]
[WhiteClock "0:00:15"]
[BlackClock "0:00:01"]
[Board "205"]

1. e4 c5 2. d4 cxd4 3. Nf3 d6 4. Qxd4 Nc6 5. Bb5 Bd7 6. Bxc6 Bxc6 7. Nc3 e6 8. Bg5 Nf6 9. Qd3 Be7 10. Nd4 Rc8 11. O-O-O O-O 12. Kb1 Qa5 13. f4 h6 14. h4 Rfd8 15. f5 e5 16. Bxf6 Bxf6 17. Nf3 b5 18. g4 b4 19. Nd5 Bxd5 20. exd5 e4 21. Qxe4 Re8 22. Qd3 b3 23. axb3 Be5 24. g5 h5 25. f6 Rc5 26. fxg7 Bxg7 27. g6 Rec8 28. gxf7+ Kf8 29. Rh2 Qc7 30. Ng5 Qa5 31. Ne6+ Kxf7 32. Nxc5 Qxc5 33. Rf1+ Kg8 34. Rg2 Qc7 35. Qg6 Rf8 36. Rxf8+ Kxf8 37. Rf2+ Kg8 38. Qe8+ Kh7 39. Qxh5+ Kg8 40. Qe8+ Kh7 41. h5 Qc5 42. Qg6+ Kg8 43. Rg2 Qc7 44. Qxg7+ Qxg7 45. Rxg7+ Kxg7 46. c4 Kh6 47. c5 dxc5 48. d6 Kxh5 49. d7 1-0


[Site "https://www.chess.com"]

[Event "Titled Tuesday Blitz August 22 Late 2023"]
[White "laskakid"]
[Black "Bogaudinov, Rushan"]
[BlackFideId "4129288"]
[WhiteElo "2129"]
[BlackElo "2371"]
[Result "0-1"]
[Round "3"]
[TimeControl "180+1"]
[Date "2023.08.22"]
[WhiteClock "0:00:08"]
[BlackClock "0:00:18"]
[Board "206"]

1. e4 c5 2. c3 e6 3. d4 d5 4. e5 Nc6 5. Nf3 Nge7 6. Na3 Nf5 7. Nc2 Qb6 8. Bd3 cxd4 9. cxd4 Nb4 10. Nxb4 Bxb4+ 11. Kf1 Bd7 12. Bxf5 exf5 13. h4 Rc8 14. a3 Be7 15. Bg5 Bxg5 16. hxg5 h5 17. Qd2 a5 18. g3 a4 19. Kg2 Rc4 20. Rhc1 h4 21. gxh4 Bb5 22. Rxc4 Bxc4 23. Rh1 Qb3 24. Qa5 O-O 25. Qd2 Bd3 26. Qe3 Rc8 27. h5 Rc2 28. g6 Be4 29. Qf4 Qxb2 30. gxf7+ Kxf7 31. Kg3 Qc3 32. Rh3 Qxa3 33. Kh4 Qe7+ 34. Ng5+ Kg8 35. e6 Rc8 36. Qe5 a3 37. Rg3 a2 38. Kh3 a1=Q 39. Nf7 Qh1# 0-1


[Site "https://www.chess.com"]

[Event "Titled Tuesday Blitz August 22 Late 2023"]
[White "Fernandez, Maria Florencia"]
[Black "Ardito, Andrew"]
[WhiteFideId "116459"]
[BlackFideId "2033976"]
[WhiteElo "2368"]
[BlackElo "2115"]
[Result "0-1"]
[Round "3"]
[TimeControl "180+1"]
[Date "2023.08.22"]
[WhiteClock "0:00:08"]
[BlackClock "0:00:08"]
[Board "207"]

1. d4 Nf6 2. c4 g6 3. Nc3 Bg7 4. e4 O-O 5. Be2 d6 6. Be3 e5 7. d5 Nbd7 8. g4 Nc5 9. f3 a5 10. h4 h5 11. g5 Ne8 12. Qd2 b6 13. O-O-O Bd7 14. Kb1 Na4 15. Bf1 Nxc3+ 16. Qxc3 c5 17. dxc6 Bxc6 18. Ne2 Qc7 19. Nc1 Rb8 20. Qa3 f5 21. gxf6 Rxf6 22. Be2 b5 23. cxb5 Bxb5 24. Qb3+ Qf7 25. Bxb5 Qxb3 26. Nxb3 Rxb5 27. Rhf1 Nc7 28. Nd2 d5 29. exd5 Nxd5 30. Bg5 Rfb6 31. Nc4 Nc3+ 32. Ka1 Nxd1 33. Nxb6 e4 34. Rxd1 Rxb2 35. Rd8+ Kh7 36. Rd7 Rxb6+ 37. Rxg7+ Kxg7 38. fxe4 Re6 39. Bd2 Rxe4 40. Bxa5 Rxh4 41. Bc3+ Kf7 42. Kb2 Rh2+ 43. Kb3 Rh3 44. a4 Ke6 45. Kc4 Rh4+ 46. Kb5 Kd6 47. Bb4+ Kc7 48. a5 Rh1 49. Bc5 Rb1+ 50. Kc4 g5 51. Bb6+ Rxb6 52. axb6+ Kxb6 53. Kd4 h4 54. Ke3 g4 55. Kf4 h3 56. Kg3 Kc5 57. Kh2 Kd4 58. Kg3 Ke3 59. Kh2 Kf3 60. Kg1 g3 61. Kh1 g2+ 62. Kg1 h2+ 63. Kxh2 Kf2 64. Kh3 g1=Q 65. Kh4 Qg6 66. Kh3 Qg3# 0-1


[Site "https://www.chess.com"]